 Dungeon Crawl Stone Soup version 0.29-a0-338-g1ff7896281 (webtiles) character file.

Game seed: 5031922098113289316

709 sammy202020 the Ruffian (level 7, -9/71 HPs)
             Began as a Troll Fighter on Apr 18, 2022.
             Mangled by a hornet (13 damage)
             ... on level 5 of the Dungeon.
             The game lasted 00:04:40 (3449 turns).

sammy202020 the Ruffian (Troll Fighter)             Turns: 3449, Time: 00:04:42

Health: -9/71      AC:  1    Str: 31    XL:     7   Next: 40%
Magic:  6/6        EV:  9    Int:  6    God:
Gold:   309        SH: 12    Dex:  9    Spells: 6/6 levels left

rFire   . . .      SeeInvis .     - Unarmed
rCold   . . .      Faith    .   b - +0 kite shield
rNeg    . . .      Spirit   .   a - +0 robe
rPois   .          Reflect  +   (helmet restricted)
rElec   .          Harm     .   u - +0 cloak
rCorr   .          Rampage  .   (gloves unavailable)
Will    .....                   (boots unavailable)
Stlth   +.........              l - amulet of reflection
HPRegen 1.01/turn               g - +6 ring of strength
MPRegen 0.10/turn               (no ring)

@: mighty, lethally poisoned (-9 -> -15), corroded, slowed, very slow
A: large, unfitting armour, claws 3, regeneration 1, shaggy fur 1, tough skin 1
a: no special abilities


You were on level 5 of the Dungeon.
You visited 1 branch of the dungeon, and saw 5 of its levels.

You collected 309 gold pieces.

Inventory:

Hand Weapons
 t - a +0 war axe
 x - a +1 flail of draining
Armour
 a - a +0 robe (worn)
 b - a +0 kite shield (worn)
 u - a +0 cloak (worn)
Jewellery
 g - a +6 ring of strength (left claw)
 j - a ring of fire
 l - an amulet of reflection (around neck)
 m - a ring of magical power
 s - a +4 ring of protection
Scrolls
 d - a scroll of vulnerability {unknown}
 e - 2 scrolls of amnesia {unknown}
 f - 6 scrolls of identify {unknown}
 i - a scroll of fog {unknown}
 n - 3 scrolls of teleportation {unknown}
 o - a scroll of immolation {unknown}
Potions
 h - a potion of flight {unknown}
 k - 3 potions of mutation {unknown}
 p - a potion of berserk rage {unknown}
 q - 2 potions of brilliance {unknown}
 r - a potion of resistance {unknown}
 v - 2 potions of degeneration {unknown}
 w - a potion of lignification {unknown}


   Skills:
 * Level 4.6 Fighting
 + Level 3.6 Dodging
 + Level 3.6 Shields
 * Level 5.0 Unarmed Combat


You had 6 spell levels left.
You didn't know any spells.
Your spell library was empty.

Dungeon Overview and Level Annotations

Branches:
Dungeon (5/15)
 Temple: D:4-7

Altars:
Vehumet

Shops:
D:1 (


Innate Abilities, Weirdness & Mutations

You are too large for most types of armour.
You have claws for hands.
Your natural rate of healing is unusually fast.
You are covered in fur. (AC +1)
You have tough skin. (AC +1)


Message History

No target in view!
No target in view!
No target in view!
No target in view!
No target in view!
No target in view!
A hornet comes into view.
A hornet is nearby!
A hornet is nearby!
The hornet buzzes angrily.
You scratch the hornet but do no damage.
The hornet barely misses you. You block the hornet's attack.
You scratch the hornet but do no damage.
The hornet stings you!
You suddenly lose the ability to move!
The hornet stings you.
You feel yourself slow down. The hornet stings you!
You are poisoned.
You shrug off the repeated paralysis!
You feel very sick. The hornet stings you.
You feel as though you will be slow longer.
You can move again.
You claw the hornet!
The hornet is moderately wounded.
You feel very sick. You block the hornet's attack. The hornet stings you!
You are more poisoned.
You feel as though you will be slow longer.
The hornet stings you.
* * * LOW HITPOINT WARNING * * *
You feel as though you will be slow longer.
Sorry, you're not good enough to have a special ability.
Unknown command.
Sorry, you're not good enough to have a special ability.
You feel very mighty all of a sudden.
You feel extremely sick. The hornet stings you!
* * * LOW HITPOINT WARNING * * *
You feel as though you will be slow longer.
The hornet stings you!
You die...

#..# #.######...
#.....)...# #.#####.[..
#.. #...# #.######.#..
#. #.#......#..
#.##########.#.######..
#....y@.#.##.#....#.#..
#######.#.##.####.#....
#.#.#..###..#####
#.#.......)......
#.#..############
#....# ##...# #...#
#...#


You could see a hornet.

Vanquished Creatures
  Sigmund (D:5)
  4 ogres
  A phantom (D:3)
  A jelly (D:5)
  4 adders
  A worm (D:2)
  3 dart slugs
  9 orcs
  9 ball pythons
  3 bats
  3 endoplasms
  A giant cockroach (D:2)
  2 goblins
  7 hobgoblins
  10 jackals
  A quokka (D:3)
  2 frilled lizards (D:2)
  5 kobolds
  A rat (D:1)
68 creatures vanquished.

Vanquished Creatures (others)
  A kobold (D:4)
1 creature vanquished.

Grand Total: 69 creatures vanquished

Notes
Turn   | Place    | Note
-------+----------+-------------------------------------------
     0 | D:1      | sammy202020 the Troll Fighter began the quest for the Orb.
     0 | D:1      | Reached XP level 1. HP: 22/22 MP: 0/0
    68 | D:1      | Found Xekkaxze's Weapon Boutique.
   262 | D:1      | Reached XP level 2. HP: 29/29 MP: 1/1
   499 | D:1      | Found a faded altar of an unknown god.
  1061 | D:2      | Reached XP level 3. HP: 36/36 MP: 2/2
  1600 | D:3      | Noticed a phantom
  1621 | D:3      | Killed a phantom
  1622 | D:3      | Reached skill level 3 in Unarmed Combat
  1622 | D:3      | Reached XP level 4. HP: 45/45 MP: 3/3
  1795 | D:3      | Reached XP level 5. HP: 46/53 MP: 4/4
  2111 | D:3      | Found Xyis's Distillery.
  2650 | D:4      | Noticed an ogre
  2655 | D:4      | Killed an ogre
  2693 | D:4      | Found a radiant altar of Vehumet.
  2724 | D:4      | Noticed an ogre
  2737 | D:4      | Killed an ogre
  2738 | D:4      | Reached skill level 4 in Unarmed Combat
  2738 | D:4      | Reached XP level 6. HP: 45/62 MP: 5/5
  3084 | D:5      | Entered Level 5 of the Dungeon
  3177 | D:5      | Noticed Sigmund
  3185 | D:5      | Killed Sigmund
  3186 | D:5      | Reached XP level 7. HP: 71/71 MP: 6/6
  3439 | D:5      | Reached skill level 5 in Unarmed Combat
  3442 | D:5      | Noticed a hornet
  3445 | D:5      | Paralysed by a hornet for 3 turns
  3449 | D:5      | Mangled by a hornet

Illustrated notes

Levels and vault maps discovered:
D:1:      zelgadis_glass_arrival_small, layout_basic,
          dilly_ecumenical_altar_fadedgnrine, serial_shops, nicolae_shop_stone,
          hangedman_decor_push, nicolae_concentric_dashed_squares_mild
D:2:      layout_basic, minmay_misc_feat_enclosed, minmay_crystal_water
D:3:      layout_loops_ring, serial_shops, nicolae_shop_advertising_works
          [nicolae_subvault_shop_adworks], saegor_snake_ambush
D:4:      layout_gridville, vehumet_crystals, hangedman_decor_clover_reticule
D:5:      layout_basic, serial_co_window_serial, co_window_corner_a,
          co_window_of_opportunity_a, co_window_of_opportunity_a,
          co_window_paths_a, co_window_paths_a, co_window_corner_a,
          co_window_corner_a, co_window_corner_b, co_window_corner_b,
          co_window_of_opportunity_b, co_window_broadway_b,
          co_window_unsneaky_path_d, co_window_unsneaky_path_b, glass_columns_b,
          uniq_sigmund, uniq_pikel

Skill      XL: |  1  2  3  4  5  6  7 |
---------------+----------------------+-----
Fighting       | 3 4 |  4.6
Unarmed Combat | 3 4 5 |  5.0
Shields        | 3 |  3.6
Dodging        | 3 |  3.6

Action                   |  1- 3 |  4- 6 |  7- 9 || total
-------------------------+-------+-------+-------++-------
Melee: Unarmed           |   100 |   112 |    15 ||   227
  Use: Potion            |       |       |     1 ||     1
 Stab: Sleeping          |     2 |       |       ||     2
Armor: Robe              |    31 |    31 |     1 ||    63
Dodge: Dodged            |    24 |    33 |     3 ||    60
Block: Kite shield       |    41 |    76 |     5 ||   122
       Reflection        |     2 |     3 |       ||     5

Table legend: (Time is in decaauts)
 A = Elapsed time spent in this place.
 B = Non-inter-level travel time spent in this place.
 C = Inter-level travel time spent in this place.
 D = Time resting spent in this place.
 E = Time spent auto-exploring this place.
 F = Levels seen in this place.
 G = Mean time per level.
                   A        B        C        D        E       F      G
               +--------+--------+--------+--------+--------+-----+--------+
         Total |   3481 |   3381 |    100 |      0 |   2795 |   5 |  696.2 |
       Dungeon |   3481 |   3381 |    100 |      0 |   2795 |   5 |  696.2 |
               +--------+--------+--------+--------+--------+-----+--------+

Top non-repeatable levels by time:
     D:1: 952 daAuts
     D:3: 885 daAuts
     D:4: 684 daAuts
     D:2: 593 daAuts
     D:5: 366 daAuts
